Map: World of Sleepers LE

Players

GetSome

  • Race: Protoss Protoss
  • League: Platinum
  • Spawn Location: 7:00

pHARM - Winner!

  • Race: Zerg Zerg
  • League: Platinum
  • Spawn Location: 1:00

VOD

Have the link to the VOD?

Description

Time

  • Played on: Aug. 25, 2019, 3:15 p.m.
  • Length: 15:17
Show
View Real Time Build Order
Export as new Build Order

GetSome Protoss 

Build Orders: Archon Immortal 

Get SALT Encoding   

  12  0:02  Probe  
  14  0:14  Probe  
  14  0:26  Probe  
  14  0:27  Pylon  
  15  0:36  Assimilator  
  15  0:45  Probe  
  15  0:49  Gateway  
  16  0:57  Probe  
  17  1:05  Probe  
  18  1:13  Probe  
  19  1:19  Pylon  
  19  1:23  Probe  
  20  1:35  Probe  
  21  1:40  Cybernetics Core  
  21  1:45  Assimilator  
  21  1:47  Probe  
  22  1:57  Warp Gate  
  22  1:59  Probe  
  23  2:08  Nexus  
  23  2:13  Probe  
  24  2:20  Stalker  
  26  2:32  Gateway  
  26  2:34  Probe  
  27  2:50  Pylon, Stalker  
  29  3:10  Twilight Council  
  29  3:15  Gateway  
  29  3:17  Probe  
  29  3:19  Probe  
  31  3:29  Shield Battery, Probe  
  31  3:31  Probe  
  33  3:40  Gateway  
  33  3:42  Probe  
  33  3:44  Probe  
  33  3:48  Zealot  
  37  3:52  Zealot  
  39  3:56  Probe  
  40  4:07  Probe  
  40  4:08  Templar Archives, Probe, Charge  
  42  4:12  Zealot  
  42  4:14  Zealot  
  42  4:16  Probe  
  47  4:24  Probe x2  
  49  4:34  Probe  
  49  4:36  Pylon, Probe  
  51  4:45  High Templar  
  53  4:46  Probe  
  53  4:52  Pylon  
  54  4:53  Pylon  
  54  4:54  Probe  
  54  4:55  High Templar x2  
  54  4:58  Probe, Zealot  
  62  5:02  Archon  
  62  5:10  Probe  
  62  5:11  Probe  
  64  5:19  Shield Battery x2  
  64  5:21  Shield Battery  
  64  5:22  Probe  
  64  5:23  Shield Battery, Probe  
  64  5:25  High Templar  
  68  5:28  Assimilator  
  68  5:30  Assimilator  
  68  5:34  Probe  
  68  5:35  Probe  
  70  5:38  Pylon  
  70  5:40  Archon  
  70  5:42  Zealot x3  
  76  5:43  Pylon  
  76  5:46  Probe  
  77  6:04  Forge  
  77  6:12  Forge  
  77  6:13  Forge  
  77  6:16  Zealot  
  77  6:17  Zealot x3  
  85  6:25  Blink, Robotics Facility  
  85  6:29  Pylon  
  85  6:44  Gateway  
  85  6:45  Gateway  
  85  6:57  Photon Cannon x2  
  85  6:59  Photon Cannon  
  85  7:04  Pylon  
  85  7:06  Photon Cannon  
  85  7:10  Photon Cannon  
  85  7:11  Photon Cannon  
  85  7:13  Zealot x2  
  85  7:14  Zealot x2  
  63  7:31  Immortal  
  59  7:38  Zealot x3  
  59  7:39  Zealot  
  63  7:50  High Templar x2  
  63  8:02  Archon  
  63  8:03  Zealot x4  
  67  8:08  Protoss Ground Weapons Level 1  
  67  8:10  Immortal  
  71  8:16  Robotics Facility  
  71  8:17  Dark Shrine  
  71  8:18  Protoss Shields Level 1, Protoss Ground Armor Level 1  
  71  8:27  Pylon  
  71  8:33  Zealot x4  
  79  8:42  Photon Cannon  
  79  8:43  Shield Battery  
  79  8:53  Shield Battery  
  79  8:56  Photon Cannon  
  79  8:59  Immortal  
  79  9:02  High Templar x5  
  85  9:09  Archon x2  
  93  9:12  Immortal  
  93  9:13  High Templar  
  99  9:31  Archon  
  99  9:35  Observer  
  100  9:50  Zealot x4  
  100  9:51  Zealot x2  
  112  10:08  Nexus  
  112  10:15  Pylon x2  
  112  10:21  Pylon x2  
  112  10:22  High Templar x2  
  112  10:23  High Templar, Protoss Ground Weapons Level 2  
  118  10:32  Archon  
  118  10:39  High Templar  
  118  10:40  Zealot x2  
  124  10:43  Archon  
  124  10:52  Shield Battery  
  124  10:54  Shield Battery  
  124  10:56  Shield Battery  
  124  10:57  Photon Cannon  
  124  10:58  Photon Cannon  
  124  11:00  Photon Cannon  
  124  11:06  Observer  
  124  11:10  Stargate  
  125  11:16  Robotics Bay  
  125  11:22  Photon Cannon  
  124  11:45  Dark Templar  
  124  11:46  Dark Templar  
  128  11:57  Assimilator  
  128  12:01  Assimilator  
  128  12:04  Pylon  
  128  12:08  Pylon  
  128  12:11  Pylon  
  128  12:16  Colossus  
  126  12:35  Zealot x3  
  126  12:36  Zealot  
  63  13:03  Dark Templar x3  
  57  13:31  Stalker x2  
  61  13:43  High Templar x2  
  61  13:44  High Templar  
  61  13:45  High Templar  
  69  13:55  Archon  
  69  14:07  Archon  
  69  14:09  High Templar  
  71  14:11  High Templar  
  73  14:23  Archon  
Show
View Real Time Build Order
Export as new Build Order

pHARM Zerg - Winner!

Build Orders: Hatch First 

Get SALT Encoding   

  12  0:01  Drone  
  13  0:13  Overlord  
  13  0:25  Drone  
  15  0:35  Drone x2  
  16  0:43  Drone  
  17  1:01  Hatchery  
  16  1:06  Drone x2  
  18  1:20  Spawning Pool  
  18  1:21  Drone x2  
  19  1:36  Drone  
  20  1:42  Extractor  
  19  1:52  Drone x2  
  21  2:12  Overlord, Queen  
  21  2:13  Queen  
  25  2:29  Drone x3  
  28  2:42  Drone x3  
  31  2:45  Drone  
  31  2:46  Drone  
  33  2:53  Queen  
  33  2:56  Metabolic Boost  
  35  2:59  Overlord  
  35  3:00  Overlord  
  35  3:16  Queen  
  37  3:21  Drone x3  
  40  3:32  Zergling x4  
  42  3:37  Drone x4  
  42  3:38  Drone x2  
  42  3:40  Extractor  
  47  3:43  Extractor  
  46  3:58  Lair  
  46  4:11  Drone  
  47  4:18  Drone x4  
  47  4:21  Drone  
  47  4:22  Overlord x3  
  52  4:28  Roach Warren  
  51  4:31  Evolution Chamber  
  50  5:05  Zerg Missile Weapons Level 1  
  49  5:11  Roach x10  
  69  5:26  Glial Reconstitution  
  69  5:38  Hatchery  
  69  5:42  Roach x3  
  74  5:45  Overlord x3  
  74  5:48  Drone  
  75  6:15  Roach x8  
  75  6:16  Roach x4  
  99  6:22  Overseer  
  99  6:23  Overseer  
  99  6:46  Overlord x2  
  99  6:53  Extractor  
  98  6:57  Hydralisk Den  
  98  7:00  Infestation Pit  
  82  7:34  Drone x5  
  82  7:35  Drone x12  
  71  8:19  Grooved Spines  
  73  8:20  Roach x9  
  89  8:32  Extractor  
  89  8:33  Zerg Missile Weapons Level 2  
  88  8:36  Extractor  
  88  8:40  Roach  
  88  8:41  Roach x3  
  95  8:46  Hive  
  97  8:55  Roach  
  97  8:56  Roach x7  
  111  9:23  Roach  
  111  9:24  Overlord x4  
  113  9:30  Muscular Augments  
  113  9:44  Roach x14  
  141  10:05  Evolution Chamber  
  140  10:07  Overlord x3  
  140  10:08  Hydralisk x2  
  144  10:40  Hydralisk  
  144  10:41  Hydralisk x11  
  168  11:05  Drone, Hatchery  
  168  11:06  Overlord, Drone  
  168  11:07  Overlord x4  
  169  11:14  Zerg Ground Armor Level 1, Zerg Missile Weapons Level 3  
  169  11:28  Hydralisk  
  169  11:29  Hydralisk x13  
  169  11:31  Hatchery  
  196  12:06  Overseer x2  
  196  12:07  Overseer x2  
  196  12:14  Neural Parasite  
  196  12:16  Spire  
  115  13:06  Roach  
  115  13:07  Roach x20, Hydralisk  
  115  13:08  Hydralisk x7  
  155  13:23  Spine Crawler  
  155  13:24  Spine Crawler  
  143  13:28  Spore Crawler  
  143  13:30  Corruptor x2  
  143  13:31  Corruptor x3  
  143  13:32  Spine Crawler  
  149  14:01  Greater Spire  
  149  14:05  Drone  
  149  14:06  Drone x4  
  154  14:14  Drone  
  154  14:15  Drone x5  
  154  14:16  Drone x2  
  162  14:42  Spore Crawler  
  162  14:44  Spine Crawler  
Tags
 
Add a new tag
Caveats
  • Supply blocks, unpowered buildings, or Contaminate may cause inaccurate times.
  • Supply counts are checked every 10 seconds.